Map: Vaani Research Station (Void)

Players

Stephano - Winner!

  • Race: Zerg Zerg
  • Spawn Location: 6:00

MarineLorD

  • Race: Terran Terran
  • Spawn Location: 12:00

Event: WESG 2016 Finals

VOD

https://www.youtube.com/watch?v=6FB63QxD8SY

Description

Time

  • Played on: Jan. 13, 2017, 11:07 p.m.
  • Length: 26:01

All games in this series

Show
View Real Time Build Order
Export as new Build Order

Stephano Zerg - Winner!

Build Orders: Hatch First, Muta Ling Bane 

Get SALT Encoding   

  12  0:01  Drone  
  13  0:13  Overlord  
  13  0:18  Drone  
  14  0:31  Drone x2  
  14  0:35  Drone  
  17  0:52  Hatchery  
  17  0:55  Drone  
  17  0:58  Drone  
  18  1:09  Extractor  
  17  1:14  Spawning Pool  
  17  1:17  Drone  
  17  1:20  Drone  
  18  1:28  Drone  
  19  1:39  Overlord  
  19  2:00  Zergling x2  
  19  2:01  Queen, Zergling x2  
  23  2:04  Queen  
  23  2:05  Drone  
  26  2:20  Hatchery  
  25  2:24  Metabolic Boost  
  25  2:30  Drone  
  25  2:31  Drone  
  27  2:41  Queen  
  29  2:46  Queen  
  29  2:50  Drone  
  32  2:54  Overlord  
  32  2:57  Drone  
  33  3:00  Drone  
  33  3:04  Drone  
  35  3:07  Drone  
  36  3:14  Drone x4  
  36  3:17  Drone  
  41  3:20  Drone  
  41  3:21  Drone  
  41  3:24  Drone  
  44  3:28  Overlord  
  44  3:33  Queen  
  46  3:38  Overlord  
  46  3:43  Extractor, Drone x2  
  46  3:44  Drone  
  48  3:53  Zergling x2  
  48  3:54  Zergling x4  
  51  3:56  Drone x2  
  51  4:02  Zergling x6  
  54  4:03  Drone x2  
  54  4:06  Drone x2  
  58  4:11  Zergling x2  
  58  4:15  Drone  
  58  4:16  Drone x2  
  60  4:33  Drone x3  
  60  4:37  Drone x4  
  60  4:38  Queen  
  64  4:40  Evolution Chamber, Zergling x2  
  64  4:41  Evolution Chamber, Zergling x4  
  65  4:47  Overlord x2  
  65  4:50  Overlord  
  65  4:53  Spore Crawler  
  65  4:54  Overlord  
  65  4:55  Zergling x4  
  65  4:59  Overlord x2  
  66  5:04  Overlord  
  66  5:06  Drone  
  67  5:08  Zerg Melee Weapons Level 1  
  67  5:14  Zerg Ground Armor Level 1  
  67  5:19  Zergling x8  
  67  5:20  Drone x3  
  74  5:22  Drone  
  74  5:23  Drone  
  74  5:24  Drone  
  77  5:28  Extractor  
  77  5:30  Baneling Nest  
  77  5:33  Queen  
  77  5:34  Zergling x4  
  75  6:00  Drone x9  
  83  6:06  Drone x2  
  83  6:07  Lair  
  83  6:08  Drone x2  
  84  6:12  Drone, Hatchery  
  84  6:14  Extractor  
  84  6:15  Drone x2  
  84  6:18  Drone x4  
  85  6:19  Extractor  
  85  6:22  Zergling x6  
  88  6:30  Drone x2  
  89  6:34  Drone  
  89  6:39  Zergling x8  
  94  6:46  Drone  
  94  6:47  Drone x4, Hatchery  
  94  6:55  Zergling x6  
  97  7:01  Pneumatized Carapace  
  97  7:04  Overlord  
  97  7:06  Zerg Melee Weapons Level 2  
  97  7:08  Zerg Ground Armor Level 2  
  97  7:09  Drone  
  97  7:10  Overlord x2  
  97  7:11  Extractor, Overlord  
  97  7:13  Spire  
  96  7:18  Baneling x3  
  96  7:19  Baneling  
  96  7:24  Zergling x14  
  103  7:34  Zergling x4  
  93  7:42  Zergling x2  
  93  7:43  Zergling x6  
  93  7:51  Drone  
  93  7:52  Drone x3  
  93  7:53  Queen  
  98  8:00  Queen  
  98  8:02  Zergling x2  
  98  8:03  Centrifical Hooks, Zergling x10  
  98  8:05  Baneling x7  
  103  8:06  Baneling  
  103  8:10  Zergling x18  
  103  8:12  Overseer  
  112  8:13  Baneling x6  
  112  8:24  Zergling x10  
  114  8:34  Mutalisk  
  114  8:36  Overlord x4  
  112  8:59  Queen  
  109  9:03  Mutalisk  
  109  9:04  Mutalisk x6  
  109  9:07  Zergling x12  
  109  9:08  Zergling x20  
  139  9:19  Zergling x14  
  146  9:25  Lair  
  145  9:34  Zergling x2  
  145  9:35  Zergling x12  
  136  9:41  Mutalisk x4  
  136  9:43  Zergling x6  
  147  9:48  Baneling x10  
  144  9:57  Zergling x10  
  144  9:58  Zergling x10  
  131  10:01  Zergling x2  
  131  10:02  Zergling x8  
  131  10:05  Zerg Flyer Weapons Level 1  
  136  10:07  Mutalisk x2  
  136  10:13  Zergling x4  
  142  10:16  Overlord x2  
  142  10:17  Overlord  
  142  10:33  Overlord x2  
  142  10:37  Drone x2  
  142  10:38  Drone x2, Spore Crawler, Zergling x6  
  142  10:39  Zergling x16  
  142  10:40  Spine Crawler  
  155  10:45  Baneling x11  
  155  10:47  Overseer  
  155  10:50  Hatchery  
  154  11:02  Overseer  
  154  11:03  Zergling x24  
  165  11:20  Infestation Pit, Zergling x10  
  165  11:21  Zergling x12  
  175  11:26  Baneling  
  175  11:27  Baneling x12  
  171  11:51  Drone x10  
  181  12:01  Zergling x2  
  181  12:02  Zergling x12  
  181  12:03  Overlord  
  181  12:04  Overlord  
  181  12:05  Hive  
  181  12:08  Zerg Flyer Armor Level 1  
  187  12:22  Zergling x24  
  199  12:28  Spine Crawler  
  198  12:30  Spine Crawler  
  191  12:40  Spine Crawler x3  
  158  12:44  Zergling x24  
  158  12:45  Zergling x20  
  160  13:09  Corruptor x5  
  160  13:10  Corruptor  
  170  13:14  Zergling x24  
  170  13:15  Overlord x2  
  170  13:17  Baneling x4  
  165  13:28  Zergling x2  
  165  13:29  Zergling x18  
  165  13:31  Zerg Melee Weapons Level 3, Zerg Ground Armor Level 3  
  165  13:33  Ultralisk Cavern  
  174  13:34  Zergling x2  
  174  13:35  Zergling x10  
  176  14:08  Drone x5  
  176  14:09  Drone  
  171  14:23  Chitinous Plating  
  171  14:26  Ultralisk  
  171  14:27  Ultralisk x3  
  171  14:29  Hatchery  
  171  14:30  Overlord  
  193  14:32  Overseer  
  168  14:52  Ultralisk  
  168  14:53  Ultralisk x4  
  168  14:55  Zergling x2  
  168  14:56  Zergling x12  
  180  15:06  Zerg Flyer Armor Level 2  
  174  15:09  Drone x5  
  175  15:18  Drone x3  
  175  15:19  Drone  
  175  15:21  Spore Crawler  
  178  15:24  Overseer x3  
  178  15:26  Ultralisk  
  171  15:51  Zergling x28  
  171  15:52  Zergling x14  
  183  15:58  Overlord x2  
  182  16:10  Baneling  
  182  16:11  Baneling x11  
  182  16:12  Baneling  
  182  16:13  Baneling x3  
  182  16:19  Zergling x18  
  172  16:35  Ultralisk x2  
  175  16:50  Zergling x20  
  175  16:51  Zergling x2  
  182  17:12  Overseer x2  
  180  17:25  Zergling x30  
  180  17:26  Zergling x2  
  180  17:28  Hatchery  
  194  17:34  Spine Crawler  
  194  17:35  Spore Crawler  
  187  17:49  Zerg Flyer Weapons Level 2  
  187  17:51  Corruptor x4  
  195  18:02  Spore Crawler  
  150  18:36  Ultralisk x4  
  172  18:45  Queen x2  
  158  18:57  Overlord x2  
  156  19:09  Extractor  
  147  19:10  Extractor  
  145  19:17  Zergling x30  
  145  19:18  Zergling x2  
  160  19:30  Extractor x2  
  134  19:51  Zergling x2  
  134  19:52  Zergling x34  
  151  19:57  Burrow  
  150  20:21  Greater Spire  
  148  20:26  Queen x2  
  140  20:36  Queen x2  
  140  20:37  Queen  
  142  20:45  Baneling x6  
  142  20:46  Baneling x5  
  142  20:50  Adrenal Glands  
  142  20:54  Overseer x2  
  142  20:57  Drone x2  
  142  20:58  Drone x4, Zergling x2, Extractor x2  
  142  20:59  Zergling x36  
  164  21:20  Zergling x20  
  171  21:51  Brood Lord  
  171  21:52  Brood Lord x2  
  171  21:53  Brood Lord  
  176  21:54  Brood Lord  
  176  21:55  Overlord x4  
  178  22:12  Hatchery  
  178  22:14  Spore Crawler  
  176  22:17  Brood Lord x4  
  184  22:23  Corruptor  
  186  22:31  Spore Crawler  
  170  23:03  Corruptor x7  
  163  23:34  Corruptor x5  
  172  23:46  Viper  
  175  23:53  Spore Crawler  
  175  23:54  Spore Crawler  
  173  23:57  Spore Crawler  
  168  24:32  Zergling x38  
  168  24:33  Zergling x10  
  192  24:58  Zergling x12  
  192  24:59  Zergling x16  
Show
View Real Time Build Order
Export as new Build Order

MarineLorD Terran 

Build Orders: Hellion Opening, Reaper Expand, MMM Bio 

Get SALT Encoding   

  12  0:00  SCV  
  13  0:12  SCV  
  14  0:17  Supply Depot  
  14  0:24  SCV  
  15  0:29  Refinery  
  15  0:39  SCV  
  16  0:45  Barracks  
  16  0:51  SCV  
  17  1:03  SCV  
  18  1:15  SCV  
  19  1:32  Orbital Command, Reaper  
  20  1:46  Command Center  
  20  1:57  SCV  
  20  1:58  Factory  
  21  2:06  Barracks Reactor  
  21  2:11  Supply Depot, SCV  
  22  2:16  Refinery  
  22  2:23  SCV  
  23  2:35  SCV  
  24  2:47  SCV  
  24  2:50  Starport  
  25  2:53  Hellion x2  
  25  2:57  Barracks Tech Lab  
  29  2:59  Orbital Command, SCV  
  30  3:11  SCV  
  31  3:15  Hellion x2  
  35  3:23  SCV  
  35  3:24  Marine  
  37  3:27  SCV  
  37  3:32  Viking  
  40  3:38  Corvid Reactor  
  41  3:41  SCV x2  
  41  3:45  Supply Depot  
  42  3:53  Hellion x2  
  46  4:06  SCV x2  
  46  4:07  Supply Depot  
  46  4:08  Supply Depot  
  48  4:17  Raven  
  48  4:18  SCV  
  48  4:21  SCV  
  52  4:25  Factory Reactor  
  52  4:31  SCV  
  49  4:33  Barracks Tech Lab  
  49  4:35  SCV  
  50  4:41  Command Center  
  50  4:44  Barracks  
  50  4:47  SCV  
  51  4:55  Marine  
  51  4:57  SCV  
  51  4:59  Raven  
  54  5:00  SCV  
  54  5:05  Refinery  
  54  5:06  Refinery  
  56  5:09  Barracks  
  56  5:12  Marine  
  56  5:14  Factory Reactor  
  57  5:18  SCV  
  57  5:21  Engineering Bay  
  58  5:24  Engineering Bay, Stimpack  
  58  5:25  SCV  
  59  5:30  Marine, SCV  
  59  5:32  Marine x2  
  63  5:40  SCV  
  63  5:42  SCV  
  65  5:48  Marine  
  66  5:50  Marine x2  
  66  5:54  SCV  
  66  5:58  Factory Reactor  
  66  5:59  Marine, SCV  
  66  6:00  Barracks  
  66  6:02  Barracks  
  67  6:06  Marine  
  67  6:08  Marine x3  
  67  6:10  Orbital Command, Terran Infantry Armor Level 1, Terran Infantry Weapons Level 1  
  67  6:11  SCV  
  69  6:14  SCV  
  68  6:20  Marine  
  68  6:23  SCV  
  68  6:24  Marine  
  71  6:26  Marine, SCV  
  71  6:28  Orbital Command  
  71  6:30  Marine x2  
  71  6:32  Medivac x2  
  79  6:36  SCV  
  79  6:38  Marine, SCV  
  82  6:42  Marine  
  82  6:44  Marine  
  85  6:48  SCV  
  85  6:49  Barracks Reactor x2  
  85  6:52  Supply Depot  
  85  6:53  Supply Depot  
  85  6:54  Marine, SCV x2  
  85  7:00  SCV  
  89  7:05  Marine x3  
  89  7:06  Supply Depot, Marine  
  93  7:14  SCV x2  
  95  7:19  Marine  
  95  7:20  Widow Mine, Supply Depot  
  95  7:21  Widow Mine  
  100  7:25  Combat Shields, Marine  
  100  7:26  Medivac  
  100  7:27  Marine  
  100  7:28  Supply Depot  
  104  7:35  Marine x2  
  104  7:36  Marine x4  
  101  7:37  Marine  
  101  7:43  Medivac, Marine  
  104  7:47  Marine  
  104  7:49  Widow Mine x2  
  109  7:53  Marine x2  
  109  7:54  Marine  
  109  7:56  Medivac, SCV  
  109  7:57  SCV x2  
  115  8:03  Marine  
  115  8:04  Marine, Armory  
  115  8:05  Marine  
  118  8:06  Marine  
  118  8:09  SCV x3  
  122  8:17  Widow Mine, Marine x4  
  122  8:18  Widow Mine, Marine  
  131  8:21  Marine, SCV  
  133  8:29  Marine  
  133  8:30  Marine x2  
  132  8:35  Marine  
  133  8:43  Marine x3  
  133  8:44  Bunker, Supply Depot, Marine x2  
  133  8:45  Supply Depot  
  133  8:46  Supply Depot, Marine  
  133  8:48  Supply Depot  
  133  8:53  Widow Mine x2, Marine x3  
  140  9:01  Marine  
  141  9:05  Marine x4  
  137  9:11  Marine x3, Missile Turret x2  
  137  9:15  Terran Infantry Weapons Level 2  
  139  9:18  Missile Turret x2  
  139  9:19  Terran Infantry Armor Level 2  
  139  9:20  Terran Vehicle And Ship Armor Level 1  
  139  9:21  Marine x2  
  139  9:22  Widow Mine x2  
  139  9:23  Marine  
  146  9:27  Marine  
  146  9:28  Marine  
  146  9:29  Marine  
  149  9:34  Marine  
  149  9:37  Marine x2  
  118  9:39  Marauder, Marine  
  118  9:41  Marine  
  118  9:44  Barracks x2  
  120  9:46  Barracks  
  120  9:49  Marine  
  120  9:50  Widow Mine x2  
  120  9:52  Marine x2  
  125  9:57  Marine x2  
  125  9:58  Marine x2  
  125  9:59  Marine  
  110  10:01  Marauder  
  110  10:05  Medivac x2  
  116  10:07  Marine  
  116  10:13  Starport  
  116  10:15  Command Center, Missile Turret  
  116  10:16  Marine  
  116  10:17  Marine  
  116  10:19  Widow Mine  
  120  10:22  Marauder  
  120  10:25  Widow Mine  
  124  10:28  Marine x2  
  124  10:30  Marine x2  
  124  10:32  Marine  
  124  10:35  Medivac x2  
  133  10:37  Barracks Tech Lab  
  133  10:38  Marine x2, Barracks Tech Lab  
  133  10:39  Marauder, Concussive Shells  
  137  10:44  Marauder, Refinery x2  
  139  10:52  Starport Reactor  
  139  10:58  Missile Turret  
  139  11:00  Liberator x2  
  139  11:04  Marauder x3  
  141  11:08  Marauder, Marine x2  
  147  11:12  Liberator x2  
  153  11:21  Terran Ship Weapons Level 1  
  153  11:22  Supply Depot  
  153  11:23  Supply Depot  
  153  11:24  Supply Depot  
  153  11:25  Marauder  
  155  11:26  Marauder  
  155  11:27  Supply Depot  
  163  11:35  Marauder  
  165  11:41  Marauder  
  165  11:44  Terran Infantry Weapons Level 3  
  167  11:48  Liberator x2  
  165  11:59  Liberator  
  165  12:01  Missile Turret x2  
  165  12:03  Missile Turret  
  171  12:08  Terran Infantry Armor Level 3  
  171  12:22  Planetary Fortress  
  174  12:25  Refinery  
  174  12:26  Refinery  
  174  12:27  Marauder  
  174  12:28  Liberator  
  174  12:29  Marauder  
  178  12:31  Liberator  
  178  12:36  Marauder  
  179  12:38  Marine  
  179  12:39  Marauder  
  149  12:44  Liberator x2  
  149  12:48  Marauder  
  149  12:49  Marine x3  
  149  12:50  Marine  
  154  12:52  SCV  
  151  13:02  Unknown  
  151  13:03  Unknown x2  
  157  13:05  SCV x2  
  157  13:10  Marauder  
  160  13:13  Widow Mine  
  160  13:17  SCV  
  160  13:19  Marauder  
  165  13:25  Marine  
  155  13:31  Command Center  
  155  13:35  SCV x3  
  155  13:37  Sensor Tower  
  158  13:48  Liberator  
  158  13:50  SCV x2  
  158  13:51  Terran Ship Weapons Level 2  
  160  13:57  Ghost Academy  
  163  14:12  Marauder x2  
  163  14:15  Missile Turret  
  163  14:16  Marauder  
  166  14:28  Marauder  
  168  14:32  Marine  
  168  14:34  Marauder  
  170  14:43  Marine x2  
  170  14:44  Marauder  
  170  14:45  Marauder, Marine  
  159  15:14  Medivac x2  
  163  15:23  Marauder, Marine x2  
  169  15:28  Marauder  
  169  15:38  Marauder, Marine x2  
  169  15:39  Marine  
  169  15:45  Marauder, Marine  
  169  15:46  Marine  
  169  15:48  Liberator x3  
  175  16:08  Medivac  
  182  16:16  Marauder  
  184  16:21  Liberator  
  181  16:31  Liberator  
  170  16:36  Marine x2  
  170  16:38  Marine x2  
  178  16:45  Planetary Fortress  
  173  16:50  Command Center  
  176  16:58  Ghost  
  177  17:01  Ghost  
  177  17:14  Ghost  
  173  17:24  Ghost  
  173  17:27  Ghost  
  175  17:35  Liberator  
  175  17:36  Ghost  
  176  17:40  SCV x2  
  176  17:41  SCV  
  174  18:03  Starport  
  171  18:22  Missile Turret  
  171  18:25  Missile Turret  
  138  18:31  Marauder  
  138  18:34  Marauder  
  123  18:35  Marauder  
  123  18:37  Marauder, Marine x2  
  123  18:38  Planetary Fortress  
  123  18:40  Marine x2  
  125  18:42  Marine x2  
  125  18:44  Marine  
  124  18:51  Marine  
  124  18:52  Marauder  
  124  18:55  Marauder, Marine  
  125  18:56  Orbital Command, Marauder, Marine  
  125  18:57  Marine  
  125  18:59  Marauder  
  125  19:00  Marine  
  125  19:07  Liberator  
  125  19:09  Marine  
  123  19:12  SCV  
  123  19:14  Marauder  
  120  19:24  SCV  
  120  19:26  Liberator  
  120  19:31  SCV x2  
  126  19:36  SCV  
  127  19:42  Unknown x3  
  122  20:03  Orbital Command  
  122  20:07  Orbital Command  
  125  20:17  Marine x7  
  125  20:18  Marine x3  
  125  20:19  Marine x2  
  131  20:26  Liberator x2  
  131  20:33  SCV x2  
  131  20:34  SCV  
  131  20:35  Marine x6  
  137  20:45  SCV  
  137  20:46  Supply Depot, SCV x2  
  137  20:49  Fusion Core  
  146  20:51  Starport Tech Lab  
  146  20:58  SCV x2  
  152  21:11  Liberator x3  
  152  21:18  SCV x2  
  156  21:30  Ghost  
  160  21:49  Ghost  
  160  21:51  Missile Turret  
  160  21:53  Refinery  
  160  21:54  Liberator  
  160  21:57  Refinery  
  160  22:01  Command Center  
  160  22:15  Marine x3  
  164  22:19  Supply Depot  
  164  22:21  Supply Depot  
  164  22:22  Supply Depot  
  165  22:23  Ghost  
  165  22:25  Ghost  
  169  22:35  Ghost  
  169  22:52  Ghost  
  169  22:56  Unknown x2  
  163  22:58  Ghost  
  158  23:07  Ghost  
  158  23:19  Ghost  
  152  23:30  Ghost  
  144  23:38  Ghost  
  143  23:46  Marine x5  
  143  23:47  Marine x4  
  143  23:48  Marine  
  150  23:49  Personal Cloaking  
  150  23:51  Liberator  
  151  23:58  Marine  
  152  24:03  Unknown x7  
  152  24:04  Marine x4  
  152  24:05  Marauder  
  161  24:12  Marauder  
  159  24:35  Missile Turret, Refinery  
  159  24:36  Orbital Command, Refinery  
  159  24:38  Ghost x3  
  161  24:42  Unknown  
  161  24:58  Orbital Command  
Tags
 
Add a new tag
Caveats
  • Supply blocks, unpowered buildings, or Contaminate may cause inaccurate times.
  • Supply counts are checked every 10 seconds.